Map: Moonlight Madness LE (Void)

Players

wabbajack - Winner!

  • Race: Zerg Zerg
  • League: Gold

Tac

  • Race: Protoss Protoss
  • League: Bronze

VOD

Have the link to the VOD?

Description

Time

  • Played on: July 20, 2015, 9:13 a.m.
  • Length: 5:26
Show
View Real Time Build Order
Export as new Build Order

wabbajack Zerg - Winner!

Build Orders: Hatch First 

Get SALT Encoding   

  12  0:01  Drone  
  13  0:11  Drone  
  14  0:25  Overlord  
  14  0:30  Extractor  
  14  0:31  Drone  
  14  0:32  Drone, Extractor  
  16  0:46  Drone  
  17  1:00  Hatchery  
  16  1:05  Extractor  
  16  1:11  Spawning Pool  
  14  1:16  Drone  
  14  1:18  Drone  
  16  1:21  Drone  
  17  1:44  Drone x2  
  17  1:45  Extractor  
  18  1:49  Drone  
  19  1:57  Queen  
  21  2:04  Drone  
  22  2:12  Queen  
  24  2:15  Metabolic Boost  
  24  2:20  Drone  
  24  2:21  Drone  
  26  2:27  Overlord  
  26  2:31  Overlord  
  26  2:40  Pneumatized Carapace  
  26  2:43  Drone  
  27  2:45  Drone  
  28  3:01  Drone x3  
  31  3:14  Zergling x6  
  31  3:15  Zergling x2  
  31  3:17  Zergling x8  
  39  3:28  Overlord  
  39  3:32  Zergling x6  
  39  3:33  Zergling x2  
  40  4:31  Spore Crawler  
  40  4:33  Spore Crawler  
  40  4:34  Drone x3  
  40  4:35  Drone  
  40  4:36  Roach Warren  
  40  5:01  Zergling x2  
  40  5:02  Zergling x6  
Show
View Real Time Build Order
Export as new Build Order

Tac Protoss 

Build Orders: 1 Gate Expand, Oracle Opening 

Get SALT Encoding   

  12  0:10  Pylon  
  12  0:14  Probe  
  13  0:31  Probe (Chrono Boost)  
  14  0:36  Gateway  
  15  0:43  Probe (Chrono Boost)  
  15  0:51  Probe (Chrono Boost)  
  16  1:00  Probe  
  17  1:17  Nexus  
  17  1:26  Cybernetics Core  
  17  1:34  Assimilator  
  17  1:37  Pylon  
  17  1:41  Zealot  
  19  1:47  Probe  
  19  1:49  Assimilator  
  20  2:05  Probe (Chrono Boost)  
  21  2:17  Probe (Chrono Boost)  
  21  2:20  Adept  
  24  2:28  Probe (Chrono Boost)  
  24  2:29  Probe  
  26  2:32  Pylon  
  26  2:34  Warp Gate  
  26  2:40  Probe  
  26  2:41  Probe  
  26  2:44  Pylon  
  28  2:52  Stargate  
  28  2:57  Adept  
  30  2:59  Probe  
  31  3:12  Mothership Core  
  33  3:18  Probe  
  34  3:27  Adept  
  34  3:30  Probe  
  37  3:34  Pylon  
  37  3:44  Oracle (Chrono Boost)  
  40  3:54  Zealot  
  41  3:57  Gateway  
  41  3:59  Gateway  
  41  4:02  Pylon  
  41  4:12  Probe  
  41  4:13  Probe  
  43  4:34  Phoenix  
  38  4:59  Phoenix  
  40  5:07  Probe x2  
Tags
 
Add a new tag
Caveats
  • Supply blocks, unpowered buildings, or Contaminate may cause inaccurate times.
  • Supply counts are checked every 10 seconds.